AoeStats
← meditator27

Arena

505767788Analyzed
4v4 RM · 21d ago on Sep 11, 2026· 39m 16s· 8 players
Game mode
Random Map
Map size
Large (8 player)
Population
200
Speed
Normal
Resources
Standard
Victory
Conquest
Starting age
Dark Age
Ending age
Imperial Age
RankedLock teamsTeams togetherTeam positionsShared explorationLock speedFull tech treeHidden civsTurbo modeCheats
Victory
Defeat
🇪🇸 Persians · Spain
1461
+8
1320
+13
🇸🇮 Italians · Slovenia
1291
+14
🇹🇼 Khmer · Taiwan
1213
+18
🇧🇷 Italians · Brazil
1283
-14
🇦🇷 Lithuanians · Argentina
1269
-14
🇺🇸 Maya · United States
1250
-13
🇧🇷 Cumans · Brazil
1217
-12
Bearslayer9999
0:26 Loom
10:52 Feudal Age
12:07 Wheelbarrow
14:47 Castle Age
13:03 Double-Bit Axe
17:34 Bow Saw
17:22 Fletching
18:09 Padded Archer Armor
18:55 Bodkin Arrow
31:37 Imperial Age
30:45 Eagle Warrior
31:26 Squires
31:12 Arson
31:40 Forging
31:31 Scale Mail Armor
31:41 Elite Eagle Warrior
33:46 Bracer
34:24 Iron Casting
34:05 Chain Mail Armor
33:42 Town Watch
36:36 Plate Mail Armor
1
10:09 Feudal Age
14:07 Castle Age
12:00 Horse Collar
12:17 Double-Bit Axe
15:04 Bow Saw
20:54 Wheelbarrow
20:24 Heavy Plow
25:29 Hand Cart
27:10 Stone Mining
28:11 Gold Mining
Dougras
8:03 Loom
9:52 Feudal Age
11:04 Double-Bit Axe
13:52 Gold Mining
14:21 Fletching
15:29 Padded Archer Armor
18:05 Horse Collar
19:15 Loom
20:08 Wheelbarrow
23:52 Castle Age
24:42 Bodkin Arrow
24:16 Crossbowman
25:01 Thumb Ring
25:40 Bow Saw
27:00 Ballistics
29:13 Leather Archer Armor
35:17 Imperial Age
33:29 Treadmill Crane
34:16 Heavy Plow
36:48 Crop Rotation
37:34 Two-Man Saw
36:58 Hand Cart
36:29 Town Watch
36:58 Murder Holes
38:35 Chemistry
38:28 Conscription
38:14 Stone Mining
XydanAlves
9:41 Feudal Age
10:27 Double-Bit Axe
25:24 Castle Age
24:13 Wheelbarrow
25:16 Gold Mining
26:27 Bow Saw
27:20 Gold Shaft Mining
29:27 Imperial Age
28:17 Horse Collar
30:32 Hand Cart
31:18 Two-Man Saw
31:05 Cavalier
31:55 Bloodlines
32:02 Stone Mining
32:29 Scale Barding Armor
32:35 Forging
32:33 Paladin
33:20 Heavy Plow
34:21 Chain Barding Armor
35:34 Crop Rotation
36:43 Iron Casting
m00n
10:41 Feudal Age
14:39 Castle Age
12:28 Double-Bit Axe
14:15 Loom
31:57 Horse Collar
32:45 Bow Saw
36:16 Thumb Ring
35:31 Elite Skirmisher
36:05 Fletching
36:54 Bodkin Arrow
37:03 Scale Mail Armor
40:23 Wheelbarrow
meditator27
10:59 Feudal Age
13:46 Castle Age
12:30 Double-Bit Axe
12:49 Horse Collar
15:50 Bow Saw
16:04 Heavy Plow
20:12 Wheelbarrow
21:27 Hand Cart
22:08 Loom
23:29 Gold Mining
23:29 Stone Mining
27:51 Gold Shaft Mining
27:43 Husbandry
30:23 Imperial Age
28:54 Bloodlines
28:51 Scale Barding Armor
28:57 Forging
29:49 Stone Shaft Mining
30:51 Heavy Scorpion
32:37 Chemistry
31:57 Ballistics
32:22 Crop Rotation
32:44 Double Crossbow
33:18 Capped Ram
35:04 Conscription
34:52 Siege Ram
37:12 Light Cavalry
38:06 Elite Battle Elephant
39:53 Tusk Swords
Aspirante
10:28 Feudal Age
14:07 Castle Age
13:41 Forging
21:45 Horse Collar
21:55 Double-Bit Axe
22:16 Light Cavalry
28:01 Gold Mining
32:57 Imperial Age
30:49 Bloodlines
30:40 Husbandry
30:48 Scale Barding Armor
31:19 Iron Casting
31:33 Wheelbarrow
33:08 Cavalier
34:12 Chain Barding Armor
34:52 Blast Furnace
33:50 Loom
35:48 Gold Shaft Mining
35:15 Heavy Plow
37:11 Plate Barding Armor
37:36 Blast Furnace
40:12 Blast Furnace
༄CLR』Iulo Ascanio2210
10:24 Feudal Age
11:41 Loom
14:22 Castle Age
12:45 Double-Bit Axe
13:09 Horse Collar
23:47 Heavy Plow
24:00 Bow Saw
25:15 Heavy Plow
26:09 Wheelbarrow
29:47 Imperial Age
27:33 Scale Barding Armor
27:38 Forging
28:21 Hand Cart
28:21 Gold Mining
29:27 Chain Barding Armor
29:18 Forging
29:21 Bloodlines
29:40 Fortified Wall
30:43 Iron Casting
31:34 Two-Man Saw
31:05 Crop Rotation
30:55 Cavalier
32:14 Plate Barding Armor
32:27 Conscription
33:52 Blast Furnace
33:30 Stone Mining
33:48 Fletching
35:07 Paladin
36:09 Siege Engineers
Connection lost

Rejoining the realm…

Still unreachable

The connection could not be restored.

Session expired

The server has moved on; the page needs a fresh start.